 Dungeon Crawl Stone Soup version 0.27-a0-906-g0a00ce863d (webtiles) character file.

Game seed: 1851011531392351783

566 tilp the Sneak (level 7, 0/37 HPs)
             Began as a Vine Stalker Brigand on Apr 7, 2021.
             Succumbed to a gnoll's poison
             ... on level 4 of the Dungeon.
             The game lasted 00:05:59 (2612 turns).

tilp the Sneak (Vine Stalker Brigand)               Turns: 2612, Time: 00:06:00

Health: 0/37       AC:  7    Str: 15    XL:     7   Next: 32%
Magic:  6/8        EV: 13    Int: 11    God:
Gold:   192        SH:  0    Dex: 16    Spells: 6/6 levels left

rFire    . . .     SeeInvis .   a - +3 dagger (vamp)
rCold    . . .     Faith    .   (no shield)
rNeg     . . .     Spirit   +   i - +0 scale mail
rPois    .         Reflect  .   (no helmet)
rElec    .         Harm     .   c - +0 cloak
rCorr    .         Rampage  .   (no gloves)
Will     .....                  (no boots)
Stlth    ++........             h - amulet of magic regeneration
HPRegen  1.12/turn              j - +4 ring of evasion
MPRegen  0.36/turn              (no ring)

@: lethally poisoned (0 -> -10)
A: fangs 2, regeneration 1, magic shield, antimagic bite, no potion heal 2
a: no special abilities


You were on level 4 of the Dungeon.
You visited 1 branch of the dungeon, and saw 4 of its levels.
You also visited: Sewer.

You collected 192 gold pieces.

Inventory:

Hand Weapons
 a - a +3 vampiric dagger (weapon)
 b - a +1 dagger of freezing
 r - a +0 dagger of electrocution
Missiles
 d - 8 poisoned darts (quivered)
 e - 2 curare-tipped darts {!f}
 t - a throwing net
 u - 3 boomerangs
Armour
 c - a +0 cloak (worn)
 f - a +0 troll leather armour {Purgy}
 i - a +0 scale mail (worn)
Jewellery
 h - an amulet of magic regeneration (around neck)
 j - a +4 ring of evasion (left hand)
Wands
 n - a wand of iceblast (11)
Scrolls
 k - a scroll of teleportation
 m - a scroll of enchant weapon
Potions
 g - 2 potions of brilliance
 l - a potion of lignification {unknown}
 o - 7 potions of flight
 p - 2 potions of might {unknown}
 q - a potion of magic {unknown}
 s - a potion of curing {unknown}


   Skills:
 + Level 4.1 Fighting
 + Level 4.1 Short Blades
 - Level 1.7 Throwing
 + Level 0.4 Armour
 + Level 1.1 Dodging
 - Level 4.8 Stealth
 - Level 4.0 Evocations


You had 6 spell levels left.
You didn't know any spells.
Your spell library contained the following spells:

 Spells                   Type           Power      Damage    Failure   Level
 Animate Skeleton         Necr           0%         N/A       82%         1
 Apportation              Tloc           0%         N/A       82%         1
 Corona                   Hex            0%         N/A       82%         1
 Summon Small Mammal      Summ           0%         N/A       82%         1


Dungeon Overview and Level Annotations

Branches:
Dungeon (4/15)              Sewer (visited)
 Temple: D:4-7

Altars:
Qazlal
Trog
Yredelemnul


Innate Abilities, Weirdness & Mutations

You have extremely sharp teeth.
Your natural rate of healing is unusually fast.
When hurt, damage is shared between your health and your magic reserves.
Your bite disrupts and absorbs the magic of your enemies.
Potions cannot restore your health.


Message History

The gnoll is almost dead.
You feel sick. The gnoll hits you but does no damage.
You closely miss the gnoll. You bite the gnoll.
You kill the gnoll!
You feel sick.
You hit the wyvern zombie. You bite the wyvern zombie. You drain its power.
The wyvern zombie is lightly damaged.
The wyvern zombie bites you.
The gnoll hits you from afar with a +1 spear of venom.
You are more poisoned.
You hit the wyvern zombie. You bite the wyvern zombie. You drain its power.
You feel invigorated.
The wyvern zombie is moderately damaged.
You feel very sick. The wyvern zombie bites you.
You hit the wyvern zombie. You bite the wyvern zombie. You drain its power.
The wyvern zombie is heavily damaged.
You feel very sick. The wyvern zombie barely misses you.
The gnoll hits you but does no damage.
You are more poisoned.
You hit the wyvern zombie but do no damage.
You bite the wyvern zombie. You drain its power.
The wyvern zombie is heavily damaged.
You feel very sick. The wyvern zombie closely misses you.
The gnoll barely misses you.
You hit the wyvern zombie but do no damage.
The wyvern zombie is heavily damaged.
You feel sick. The wyvern zombie misses you.
The gnoll hits you from afar with a +1 spear of venom.
* * * LOW HITPOINT WARNING * * *
You are lethally poisoned!
You barely miss the wyvern zombie. Your bite misses the wyvern zombie.
The wyvern zombie is heavily damaged.
* * * LOW HITPOINT WARNING * * *
You feel very sick. The wyvern zombie barely misses you.
The gnoll hits you from afar with a +1 spear of venom.
* * * LOW HITPOINT WARNING * * *
Okay, then.
You die...

#......#...## #..
#......+.... #..
#......#...# ##.
#......#...# ##.
#......#...# #..
##.....g#...# #..
........gZ...# #..
.........#...# ######.
.........#@..## #......
.........#....# #......
.........#....# #....##
.........'....# #....#.
........###### #....#.
##...........# #....#.
#######.....#######....#[
+............###.#.
#..........#.....#.


You could see a gnoll and a wyvern zombie.

Vanquished Creatures
  Purgy (Sewer)
  An ogre (D:4)
  The ghost of wakim the Insei, an amateur OpTm (D:3)
  A bullfrog (D:3)
  A hound (D:4)
  An iguana (D:4)
  A scorpion zombie (D:3)
  A hound zombie (D:3)
  A hound skeleton (D:3)
  A gnoll (D:4)
  A howler monkey skeleton (D:3)
  4 adders
  3 adder skeletons (D:3)
  2 worms
  4 dart slugs
  3 orcs
  9 ball pythons
  5 bats (D:1)
  5 endoplasms
  4 giant cockroaches (D:1)
  5 goblins
  3 hobgoblins
  2 jackals (D:2)
  A quokka (D:2)
  6 frilled lizards
  A giant cockroach zombie (D:3)
  3 kobolds
  A quokka skeleton (D:3)
  5 rats
77 creatures vanquished.

Notes
Turn   | Place    | Note
-------+----------+-------------------------------------------
     0 | D:1      | tilp the Vine Stalker Brigand began the quest for the Orb.
     0 | D:1      | Reached XP level 1. HP: 11/11 MP: 2/2
    90 | D:1      | Reached XP level 2. HP: 11/15 MP: 1/3
   565 | D:1      | Reached XP level 3. HP: 19/19 MP: 4/4
   994 | D:2      | Found a stormy altar of Qazlal.
  1111 | D:2      | Gained mutation: Your natural rate of healing is unusually
                  | fast. [Vine Stalker growth]
  1111 | D:2      | Reached XP level 4. HP: 16/23 MP: 5/5
  1125 | D:2      | Found a faded altar of an unknown god.
  1493 | D:3      | Found a runed translucent door.
  1497 | D:3      | Noticed a bullfrog
  1498 | D:3      | Noticed wakim's ghost (amateur OpTm)
  1554 | D:3      | Found a glowing drain.
  1582 | Sewer    | Entered a sewer
  1625 | Sewer    | Noticed Purgy
  1654 | Sewer    | Killed Purgy
  1655 | Sewer    | Reached XP level 5. HP: 22/29 MP: 4/6
  2086 | D:3      | Reached XP level 6. HP: 33/33 MP: 7/7
  2105 | D:3      | Killed wakim's ghost
  2330 | D:4      | Reached XP level 7. HP: 37/37 MP: 8/8
  2330 | D:4      | Found a bloodstained altar of Trog.
  2332 | D:4      | Found a basalt altar of Yredelemnul.
  2581 | D:4      | Reached skill level 1 in Dodging
  2612 | D:4      | Succumbed to a gnoll's poison

Illustrated notes

Levels and vault maps discovered:
D:1:      saegor_arrival_simple_d, layout_basic, nrook_mini_vaults,
          minmay_worlds_worst_comb
D:2:      layout_loops_ring, shapermc_ecumenical_altar_notcrosses, basic_altar
D:3:      layout_basic, ebering_ghost_sewer_d, serial_undead, serial_undead_a,
          serial_undead_d, serial_undead_d, serial_undead_b,
          cheibrodos_sewer_entry_bend
D:4:      layout_gridville, ashenzari_altar_1, jmf_multi_god_temple

Skill      XL: |  1  2  3  4  5  6  7 |
---------------+----------------------+-----
Fighting       | 2 3 4 |  4.1
Short Blades   | 2 3 4 |  4.1
Evocations     | 4 |  4.0
Dodging        | 1 |  1.1
Throwing       | |  1.7
Armour         | |  0.4
Stealth        | |  4.8

Action                   |  1- 3 |  4- 6 |  7- 9 || total
-------------------------+-------+-------+-------++-------
Melee: Dagger            |   117 |   157 |    39 ||   313
       Bite              |    31 |    54 |    17 ||   102
Evoke: Wand              |       |     6 |       ||     6
  Use: Scroll            |       |     6 |       ||     6
 Stab: Sleeping          |     3 |     2 |       ||     5
Armor: Robe              |    18 |       |       ||    18
       Scale mail        |    26 |    48 |    11 ||    85
Dodge: Dodged            |    68 |   122 |    30 ||   220

Table legend: (Time is in decaauts)
 A = Elapsed time spent in this place.
 B = Non-inter-level travel time spent in this place.
 C = Inter-level travel time spent in this place.
 D = Time resting spent in this place.
 E = Time spent auto-exploring this place.
 F = Levels seen in this place.
 G = Mean time per level.
                   A        B        C        D        E       F      G
               +--------+--------+--------+--------+--------+-----+--------+
         Total |   2616 |   2512 |    104 |    122 |   1743 |   5 |  523.2 |
       Dungeon |   2373 |   2269 |    104 |    118 |   1598 |   4 |  593.2 |
         Sewer |    243 |    243 |      0 |      4 |    145 |   1 |  243.0 |
               +--------+--------+--------+--------+--------+-----+--------+

Top non-repeatable levels by time:
     D:1: 806 daAuts
     D:2: 635 daAuts
     D:3: 617 daAuts
     D:4: 313 daAuts
   Sewer: 243 daAuts
